 Dungeon Crawl Stone Soup version 0.17.0-28-g6e173f8 (webtiles) character file.

37 gorblad the Conjurer (level 3, 0/26 HPs)
             Began as a Draconian Wizard on Nov 30, 2015.
             Slain by a worm (11 damage)
             ... on level 2 of the Dungeon.
             The game lasted 00:05:14 (1608 turns).

gorblad the Conjurer (Draconian Wizard)             Turns: 1608, Time: 00:05:15

Health: 0/26       AC:  7    Str:  9    XL:     3   Next: 23%
Magic:  1/7        EV: 12    Int: 19    God:
Gold:   61         SH:  0    Dex:  9    Spells: 2 memorised, 5 levels left

rFire  . . .     SeeInvis .     (no weapon)
rCold  . . .     Clarity  .     (armour unavailable)
rNeg   . . .     SustAt   .     (no shield)
rPois  .         Gourm    .     a - +0 hat
rElec  .         Spirit   .     j - +0 cloak
rCorr  .         Warding  .     (no gloves)
rMut   .         Stasis   .     k - +0 pair of boots
MR     .....                    (no amulet)
Stlth  +.........               (no ring)
                                (no ring)

@: not resistant to hostile enchantments, very unstealthy
A: unfitting armour, cold-blooded, AC +5
a: no special abilities


You were on level 2 of the Dungeon.
You were not hungry.

You visited 1 branch of the dungeon, and saw 2 of its levels.

You collected 61 gold pieces.

Inventory:

Armour
 a - a +0 hat (worn)
 j - a +0 cloak (worn)
 k - a +0 pair of boots (worn)
Jewellery
 n - an uncursed ring of ice {unknown}
Scrolls
 d - 3 scrolls of teleportation {unknown}
 g - a scroll of immolation {unknown}
 h - a scroll of identify {unknown}
 l - a scroll of fear {unknown}
 o - a scroll of enchant armour {unknown}
 p - a scroll of noise {unknown}
Potions
 e - a potion of heal wounds {unknown}
 f - a potion of cure mutation {unknown}
 m - 2 potions of mutation {unknown}
Books
 b - a book of Minor Magic

   Spells                             Type                      Level
   a - Magic Dart                     Conjuration                  1
   b - Blink                          Translocation                2
   c - Call Imp                       Summoning                    2
   d - Repel Missiles                 Charms/Air                   2
   e - Slow                           Hexes                        2
   f - Conjure Flame                  Conjuration/Fire             3
   g - Mephitic Cloud                 Conjuration/Poison/Air       3
Comestibles
 c - a bread ration
 i - a meat ration
 q - a chunk of flesh


   Skills:
 - Level 1.7 Dodging
 - Level 1.7 Stealth
 - Level 3.0 Spellcasting
 + Level 3.2 Conjurations
   Level 1.0 Summonings
 - Level 1.0 Translocations


You had 5 spell levels left.
You knew the following spells:

 Your Spells              Type           Power        Failure   Level  Hunger
a - Magic Dart            Conj           ###.         6%          1    None
b - Blink                 Tloc           N/A          17%         2    ##.....


Dungeon Overview and Level Annotations

Branches:
Dungeon (2/15)

Altars:


Innate Abilities, Weirdness & Mutations

Your plain brown scales are hard (AC +5).
Your body does not fit into most forms of armour.
You are cold-blooded and may be slowed by cold attacks.


Message History

Unknown command.
You hit the worm but do no damage. The worm bites you.
You barely miss the worm. You hit the worm. You tail-slap the worm.
The worm is moderately wounded.
The worm misses you.
You barely miss the worm.
The worm is moderately wounded.
The worm barely misses you.
You hit the worm.
The worm is moderately wounded.
You barely miss the worm.
The worm is moderately wounded.
The worm bites you.
You hit the worm.
The worm is moderately wounded.
You hit the worm but do no damage.
Your tail-slap misses the worm.
The worm is moderately wounded.
The worm bites you!
You die...

.......# #.#
.......### #.##..#
.#........ #..##.#
......#### ##.##.#
#.....# ##.##.#
.<....########.....##
....................#
..........###.......#
.#....##...###(w@..##
##....###..#######.#
###..........## #.#
#...........# #.#
##.#.......## #.#
#.......### #.#
##..###.## #.#
#...##..#####.#
##.........##.#


You could see a worm.

Vanquished Creatures
  An adder (D:2)
  5 bats
  3 hobgoblins
  4 jackals (D:2)
  3 ball pythons
  A giant newt (D:1)
  2 goblins
  5 kobolds
  3 rats (D:2)
27 creatures vanquished.

Notes
Turn   | Place    | Note
--------------------------------------------------------------
     0 | D:1      | gorblad the Draconian Wizard began the quest for the Orb.
     0 | D:1      | Reached XP level 1. HP: 14/14 MP: 4/4
   557 | D:1      | Reached XP level 2. HP: 17/20 MP: 1/6
  1340 | D:2      | Reached XP level 3. HP: 16/26 MP: 1/7
  1472 | D:2      | Learned a level 2 spell: Blink
  1608 | D:2      | Slain by a worm

Action                   || total
-------------------------++-------
Melee: Unarmed           ||    78
 Cast: Magic Dart        ||    62
  Eat: Chunk             ||     2
